Workbook

Sheet Доходы
C2: Приложение 1
C3: к решению Совета депутатов Кученяевского сельского поселения "О бюджете Кученяевского сельского поселения на 2026 год и на плановый период 2027 и 2028 годов "
C4: от декабря 2025 года №
A6: Объем поступлений доходов бюджета по основным источникам
D7: (тыс.рублей)
A8: Код бюджетной классификации доходов бюджета | B8: Наименование доходов | D8: 2026 | E8: 2027 | G8: 2028
A10: 000 8 50 00000 00 0000 000 | B10: Доходы бюджета-Итого | D10: 1981.4 | E10: 1788.7 | G10: 1861.7
A11: 000 8 50 00000 00 0000 000 | B11: Итого доходов | D11: 1981.4 | E11: 1788.7 | G11: 1861.7
A12: 000 1 00 00000 00 0000 000 | B12: Д О Х О Д Ы | D12: 1001.4 | E12: 1011.8 | G12: 1030.4
A13: 000 1 01 00000 00 0000 000 | B13: НАЛОГИ НА ПРИБЫЛЬ, ДОХОДЫ | D13: 20 | E13: 15.9 | G13: 17
A14: 000 1 01 02000 01 0000 110 | B14: Налог на доходы физических лиц | D14: 20 | E14: 15.9 | G14: 17
A15: 000 1 01 02020 01 0000 110 | B15: - налог на доходы физических лиц c доходов, облагаемых по налоговой ставке, установленной пунктом 1 статьи 224 Налогового кодекса Российской Федерации | D15: 20 | E15: 15.9 | G15: 17
A16: 000 1 01 02021 01 0000 110 | B16: - налог на доходы физических лиц c доходов, облагаемых по налоговой ставке, установленной пунктом 1 статьи 224 Налогового кодекса Российской Федерации, за исключением доходов, полученных физическими лицами, зарегистрированными в качестве индивидуальных предпринимателей
A17: 000 1 01 02022 01 0000 110 | B17: - налог на доходы физических лиц c доходов, облагаемых по налоговой ставке, установленной пунктом 1 статьи 224 Налогового кодекса Российской Федерации и полученных физическими лицами, зарегистрированными в качестве индивидуальных предпринимателей, частных
A18: 000 1 05 00000 00 0000 000 | B18: НАЛОГИ НА СОВОКУПНЫЙ ДОХОД | D18: 121.5 | E18: 125.6 | G18: 130.1
A19: 000 1 05 03010 10 0000 110 | B19: Единый сельскохозяйственный налог | D19: 121.5 | E19: 125.6 | G19: 130.1
A20: 000 1 06 00000 00 0000 000 | B20: НАЛОГ НА ИМУЩЕСТВО | D20: 859.9 | E20: 870.3
A21: 000 1 06 01000 00 0000 110 | B21: Налог на имущество физических лиц | D21: 46.5 | E21: 48.8 | G21: 51.3
A22: 000 1 06 01030 00 0000 110 | B22: Налог на имущество физических лиц, взимаемый по ставке, применяемый к объектам налогообложения, расположенным в границах поселения | D22: 46.5 | E22: 48.8 | G22: 51.3
A23: 000 1 06 06000 00 0000 110 | B23: Земельный налог | D23: 813.4 | E23: 821.5 | G23: 832
A24: 000 1 11 00000 00 0000 000 | B24: ДОХОДЫ ОТ ИСПОЛЬЗОВАНИЯ ИМУЩЕСТВА, НАХОДЯЩЕГОСЯ В ГОСУДАРСТВЕННОЙ И МУНИЦИПАЛЬНОЙ СОБСТВЕННОСТИ | D24: 21.2 | E24: 22 | G24: 22.9
B25: Доходы, получаемые в виде арендной платы , а также средства от продажи права на заключение договоров аренды на земли, находящиеся в собственности сельских поселений (за исключением земельных участков муниципальных бюджетных и автономных учреждений) | D25: 21.2 | E25: 22

Sheet Приложение 1
C1: Приложение 1 к решению Совета депутатов Кученяевского сельского поселения Ардатовского муниципального района Республики Мордовия «О бюджете Кученяевского сельского поселения Ардатоского муниципального района Республики Мордовия на 2026 год и на плановый период 2027 и 2028 годов» от ___ 2025 г. №
A6: ОБЪЕМ БЕЗВОЗМЕЗДНЫХ ПОСТУПЛЕНИЙ В БЮДЖЕТ КУЧЕНЯЕВСКОГО СЕЛЬСКОГО ПОСЕЛЕНИЯ АРДАТОВСКОГО МУНИЦИПАЛЬНОГО РАЙОНА РЕСПУБЛИКИ МОРДОВИЯ НА 2026 ГОД И НА ПЛАНОВЫЙ ПЕРИОД 2027 И 2028 ГОДОВ
E7: (тыс. рублей)
A8: Код | B8: Наименование | C8: Сумма
C9: 2026год | D9: 2027 год | E9: 2028 год
A10: 1 | B10: 2 | C10: 3 | D10: 4 | E10: 5
A11: 2 00 00000 00 0000 000 | B11: БЕЗВОЗМЕЗДНЫЕ ПОСТУПЛЕНИЯ | C11: =SUM(C12) -> 2538.1 | D11: =SUM(D12) -> 1269.6 | E11: =SUM(E12) -> 1316.9
A12: 2 02 00000 00 0000 000 | B12: Безвозмездные поступления от других бюджетов бюджетной системы Российской Федерации | C12: =C13+C18+C19+C24 -> 2538.1 | D12: =D13+D18+D19+D24 -> 1269.6 | E12: =E13+E18+E19+E24 -> 1316.9
A13: 2 02 10000 00 0000 150 | B13: Дотации бюджетам бюджетной системы Российской Федерации | C13: =SUM(C14+C16) -> 1304.8 | D13: =SUM(D14+D16) -> 621.4 | E13: =SUM(E14+E16) -> 648.9
A14: 2 02 15001 00 0000 150 | B14: Дотации на выравнивание бюджетной обеспеченности | C14: 749.4 | D14: =D15 -> 621.4 | E14: =E15 -> 648.9
A15: 2 02 15001 10 0000 150 | B15: Дотации бюджетам сельских поселений на выравнивание бюджетной обеспеченности из бюджета субъекта Российской Федерации | C15: 749.4 | D15: 621.4 | E15: 648.9
A16: 2 02 15002 00 0000 150 | B16: Дотации бюджетам на поддержку мер по обеспечению сбалансированности бюджетов | C16: 555.4
A17: 2 02 15002 10 0000 150 | B17: Дотации бюджетам сельских поселений на поддержку мер по обеспечению сбалансированности бюджетов | C17: 555.4
A18: 2 02 29999 10 0000 150 | B18: Дотации бюджетам сельских поселений на поддержку мер по обеспечению сбалансированности бюджетов | C18: 555.4
A19: 2 02 30000 00 0000 150 | B19: Субвенции бюджетам бюджетной системы Российской Федерации | C19: =C20+C22 -> 159.8 | D19: 114.6 | E19: 118.9
A20: 2 02 30024 00 0000 150 | B20: Субвенции местным бюджетам на выполнение передаваемых полномочий субъектов Российской Федерации | C20: 0.8 | D20: 0.9 | E20: 0.9
A21: 2 02 30024 10 0000 150 | B21: Субвенции бюджетам сельских поселений на выполнение передаваемых полномочий субъектов Российской Федерации | C21: 0.8 | D21: 0.9 | E21: 0.9
A22: 2 02 35118 00 0000 150 | B22: Субвенции бюджетам на осуществление первичного воинского учета на территориях, где отсутствуют военные комиссариаты | C22: 159 | D22: 173.9 | E22: 180.2
A23: 2 02 35118 13 0000 150 | B23: Субвенции бюджетам сельских поселений на осуществление первичного воинского учета на территориях, где отсутствуют военные комиссариаты | C23: 159 | D23: 173.9 | E23: 180.2
A24: 2 02 40000 00 0000 150 | B24: Межбюджетные трансферты,передаваемые бюджетам поселений из бюджетов муниципальных районов | C24: =C25 -> 518.1 | D24: =D25 -> 533.6 | E24: =E25 -> 549.1
A25: 2 02 40014 00 0000 150 | B25: Межбюджетные трансферты,передаваемые бюджетам сельских поселений из бюджетов муниципальных районов | C25: 518.1 | D25: 533.6 | E25: 549.1 | F25: дорожный фонд
A26: 2 02 40014 10 0000 150 | B26: Межбюджетные трансферты,передаваемые бюджетам сельских поселений из бюджетов муниципальных районов на осуществление части полномочий по решению вопросов местного значения в соответствии с заключенными договорами | C26: 518.1 | D26: 533.6 | E26: 549.1

Sheet Приложение 2
I1: Приложение 2 к решению Совета депутатов Кученяевского сельского поселения Ардатовского муниципального района Республики Мордовия «О бюджете Кученяевского сельского поселения Ардатовского муниципального района Республики Мордовия на 2025 год и на плановый период 2026 и 2027 годов» от г. №
A2: ВЕДОМСТВЕННАЯ СТРУКТУРА РАСХОДОВ БЮДЖЕТА КУЧЕНЯЕВСКОГО СЕЛЬСКОГО ПОСЕЛЕНИЯ АРДАТОВСКОГО МУНИЦИПАЛЬНОГО РАЙОНА РЕСПУБЛИКИ МОРДОВИЯ НА 2026 ГОД И НА ПЛАНОВЫЙ ПЕРИОД 2027 И 2028 ГОДОВ
I3: (тыс. рублей)
A4: Наименование | B4: Адм | C4: Рз | D4: Прз | E4: Цср | I4: Вр | J4: Сумма
J5: 2026год | K5: 2027 год | L5: 2028 год
A6: 1 | B6: 2 | C6: 3 | D6: 4 | E6: 5 | F6: 6 | G6: 7 | H6: 8 | I6: 9 | J6: 10 | K6: 11 | L6: 12
A7: ВСЕГО | J7: =J8 -> 2506.55 | K7: =K8 -> 2718.3 | L7: =L8 -> 2954.5 | M7: на 2024 и 2025 год брала с 1 приложения сумма 465,1+1155,6(налоговые и неналоговые доходы)
A8: Администрация Кученяевского сельского поселения Ардатовского муниципального района | B8: 922 | J8: =J9+J36+J42+J58+J65+J80+J87+J51 -> 2506.55 | K8: =K9+K36+K42+K58+K65+K80+K87 -> 2718.3 | L8: =L9+L36+L42+L58+L65+L80+L87 -> 2954.5
A9: Общегосударственные вопросы | B9: 922 | C9: 01 | J9: =J10+J16 -> 1214.85 | K9: =K10+K16 -> 1389.4 | L9: =L10+L16 -> 1580.3
A10: Функционирование Правительства Российской Федерации, высших исполнительных органов государственной власти субъектов Российской Федерации, местных администраций | B10: 922 | C10: 01 | D10: 04 | J10: =J11+J24 -> 869.5 | K10: =K11+K24 -> 886.1 | L10: =L11+L24 -> 1147
A11: Муниципальная программа "Профилактика правонарушений на территории Кученяевского сельского поселения Ардатовского муниципального района республики Мордовия на 2020-2024гг." | B11: 922 | C11: 01 | D11: 04 | E11: 19 | F11: 0 | J11: 0.8 | K11: 0.9 | L11: 0.9
A12: Основное мероприятие «Обеспечение деятельности должностных лиц уполномоченных составлять протоколы об административных правонарушениях, предусмотренных Законом Республики Мордовия от 15 июня 2015 года № 38-З "Об административной ответственности на территории Республики Мордовия" | B12: 922 | C12: 01 | D12: 04 | E12: 19 | F12: 0 | G12: 03 | J12: 0.8 | K12: 0.9 | L12: 0.9
B13: 922 | C13: 01 | D13: 04 | E13: 19 | F13: 0 | G13: 03 | H13: 77150 | J13: 0.8 | K13: 0.9 | L13: 0.9
A14: Закупка товаров, работ и услуг для обеспечения государственных (муниципальных) нужд | B14: 922 | C14: 01 | D14: 04 | E14: 19 | F14: 0 | G14: 03 | H14: 77150 | I14: 200 | J14: 0.8 | K14: 0.9 | L14: 0.9
A15: Иные закупки товаров, работ и услуг для обеспечения государственных (муниципальных) нужд | B15: 922 | C15: 01 | D15: 04 | E15: 19 | F15: 0 | G15: 03 | H15: 77150 | I15: 240 | J15: 0.8 | K15: 0.9 | L15: 0.9
A16: Обеспечение деятельности Администрации Кученяевского сельского поселения Ардатовского муниципального района Республики Мордовия | B16: 922 | C16: 01 | D16: 02 | E16: 65 | J16: =J17+J21 -> 345.35 | K16: =K17+K21 -> 503.3 | L16: =L17+L21 -> 433.3
A17: Глава Кученяевского сельского поселения | B17: 922 | C17: 01 | D17: 02 | E17: 65 | F17: 1 | G17: 00 | J17: 252.95 | K17: 373.3 | L17: 303.3
A18: Расходы на выплаты по оплате труда Главы Кученяевского сельского поселения Ардатовского муниципального района Республики Мордовия | B18: 922 | C18: 01 | D18: 02 | E18: 65 | F18: 1 | G18: 00 | H18: 41150 | J18: 252.95 | K18: 373.3 | L18: 303.3
A19: Расходы на выплаты персоналу в целях обеспечения выполнения функций государственными (муниципальными) органами, казенными учреждениями, органами управления государственными внебюджетными фондами | B19: 922 | C19: 01 | D19: 02 | E19: 65 | F19: 1 | G19: 00 | H19: 41150 | I19: 100 | J19: 252.95 | K19: 373.3 | L19: 303.3
A20: Расходы на выплаты персоналу государственных (муниципальных) органов | B20: 922 | C20: 01 | D20: 02 | E20: 65 | F20: 1 | G20: 00 | H20: 41150 | I20: 120 | J20: 252.95 | K20: 373.3 | L20: 303.3
A21: Расходы на выплаты по оплате труда Главы Кученяевского сельского поселения Ардатовского муниципального района Республики Мордовия | B21: 922 | C21: 01 | D21: 02 | E21: 65 | F21: 1 | G21: 00 | H21: 44205 | J21: 92.4 | K21: 130 | L21: 130
A22: Расходы на выплаты персоналу в целях обеспечения выполнения функций государственными (муниципальными) органами, казенными учреждениями, органами управления государственными внебюджетными фондами | B22: 922 | C22: 01 | D22: 02 | E22: 65 | F22: 1 | G22: 00 | H22: 44205 | I22: 100 | J22: 92.4 | K22: 130 | L22: 130
A23: Расходы на выплаты персоналу государственных (муниципальных) органов | B23: 922 | C23: 01 | D23: 02 | E23: 65 | F23: 1 | G23: 00 | H23: 44205 | I23: 120 | J23: 92.4 | K23: 130 | L23: 130
A24: Деятельность администрации Кученяевского сельского поселения Ардатовского муниципального района Республики Мордовия | B24: 922 | C24: 01 | D24: 04 | E24: 65 | F24: 2 | G24: 00 | J24: =J25+J31+J34+J28 -> 868.7 | K24: =K25+K28+K31+K34 -> 885.2 | L24: =L25+L28+L31+L34 -> 1146.1
A25: Расходы на выплаты по оплате труда работников органов местного самоуправления | B25: 922 | C25: 01 | D25: 04 | E25: 65 | F25: 2 | G25: 00 | H25: 41110 | J25: 432.2 | K25: 459 | L25: 674.1
A26: Расходы на выплаты персоналу в целях обеспечения выполнения функций государственными (муниципальными) органами, казенными учреждениями, органами управления государственными внебюджетными фондами | B26: 922 | C26: 01 | D26: 04 | E26: 65 | F26: 2 | G26: 00 | H26: 41110 | I26: 100 | J26: 432.2 | K26: 459 | L26: 674.1
A27: Расходы на выплаты персоналу государственных (муниципальных) органов | B27: 922 | C27: 01 | D27: 04 | E27: 65 | F27: 2 | G27: 00 | H27: 41110 | I27: 120 | J27: 432.2 | K27: 459 | L27: 674.1
A28: Расходы на выплаты по оплате труда работников органов местного самоуправления | B28: 922 | C28: 01 | D28: 04 | E28: 65 | F28: 2 | G28: 00 | H28: 44205 | J28: 235.1 | K28: 209.9 | L28: 209.9
A29: Расходы на выплаты персоналу в целях обеспечения выполнения функций государственными (муниципальными) органами, казенными учреждениями, органами управления государственными внебюджетными фондами | B29: 922 | C29: 01 | D29: 04 | E29: 65 | F29: 2 | G29: 00 | H29: 44205 | I29: 100 | J29: 235.1 | K29: 209.9 | L29: 209.9
A30: Расходы на выплаты персоналу государственных (муниципальных) органов | B30: 922 | C30: 01 | D30: 04 | E30: 65 | F30: 2 | G30: 00 | H30: 44205 | I30: 120 | J30: 235.1 | K30: 209.9 | L30: 209.9
A31: Расходы на обеспечение функций органов местного самоуправления | B31: 922 | C31: 01 | D31: 04 | E31: 65 | F31: 2 | G31: 00 | H31: 41120 | J31: 195.4 | K31: 210.3 | L31: 256.1
A32: Закупка товаров, работ и услуг для обеспечения государственных (муниципальных) нужд | B32: 922 | C32: 01 | D32: 04 | E32: 65 | F32: 2 | G32: 00 | H32: 41120 | I32: 200 | J32: 195.4 | K32: 210.3 | L32: 256.1
A33: Иные закупки товаров, работ и услуг для обеспечения государственных (муниципальных) нужд | B33: 922 | C33: 01 | D33: 04 | E33: 65 | F33: 2 | G33: 00 | H33: 41120 | I33: 240 | J33: 195.4 | K33: 210.3 | L33: 256.1
A34: Иные бюджетные ассигнования | B34: 922 | C34: 01 | D34: 04 | E34: 65 | F34: 2 | G34: 00 | H34: 41120 | I34: 800 | J34: 6 | K34: 6 | L34: 6
A35: Уплата налогов, сборов и иных платежей | B35: 922 | C35: 01 | D35: 04 | E35: 65 | F35: 2 | G35: 00 | H35: 41120 | I35: 850 | J35: 6 | K35: 6 | L35: 6
A36: Резервные фонды | B36: 922 | C36: 01 | D36: 11 | J36: =SUM(J37) -> 0.1 | K36: =SUM(K37) -> 0.1 | L36: =SUM(L37) -> 0.1
A37: Непрограммные расходы главных распорядителей средств местного бюджет | B37: 922 | C37: 01 | D37: 11 | E37: 89 | J37: =SUM(J38) -> 0.1 | K37: =SUM(K38) -> 0.1 | L37: =SUM(L38) -> 0.1
A38: Непрограммные расходы в рамках обеспечения деятельности главных распорядителей средств местного бюджета | B38: 922 | C38: 01 | D38: 11 | E38: 89 | F38: 1 | G38: 00 | J38: =SUM(J39) -> 0.1 | K38: =SUM(K39) -> 0.1 | L38: =SUM(L39) -> 0.1
A39: Резервный фонд администрации Кученяевского сельского поселения Ардатовского муниципального района Республики Мордовия | B39: 922 | C39: 01 | D39: 11 | E39: 89 | F39: 1 | G39: 00 | H39: 41180 | J39: =SUM(J40) -> 0.1 | K39: =SUM(K40) -> 0.1 | L39: =SUM(L40) -> 0.1
A40: Иные бюджетные ассигнования | B40: 922 | C40: 01 | D40: 11 | E40: 89 | F40: 1 | G40: 00 | H40: 41180 | I40: 800 | J40: 0.1 | K40: =SUM(K41) -> 0.1 | L40: =SUM(L41) -> 0.1
A41: Резервные средства | B41: 922 | C41: 01 | D41: 11 | E41: 89 | F41: 1 | G41: 00 | H41: 41180 | I41: 870 | J41: 0.1 | K41: 0.1 | L41: 0.1
A42: Национальная оборона | B42: 922 | C42: 02 | J42: =J47+J49 -> 151.8 | K42: =K47+K49 -> 159.8 | L42: =L47+L49 -> 175.3
A43: Мобилизационная и вневойсковая подготовка | B43: 922 | C43: 02 | D43: 03 | J43: =J44 -> 151.8 | K43: =K44 -> 159.8 | L43: =L44 -> 175.3
A44: Муниципальная программа «Осуществление первичного воинского учета в Кученяевском сельском поселении Ардатовского муниципального района Республики Мордовия на 2024-2026 годы» | B44: 922 | C44: 02 | D44: 03 | E44: 17 | F44: 3 | J44: 151.8 | K44: 159.8 | L44: 175.3
A45: Основное мероприятие «Обеспечение деятельности военно-учетного стола» | B45: 922 | C45: 02 | D45: 03 | E45: 17 | F45: 3 | G45: 02 | J45: 151.8 | K45: 159.8 | L45: 175.3
A46: Осуществление первичного воинского учета на территориях, где отсутствуют военные комиссариаты | B46: 922 | C46: 02 | D46: 03 | E46: 17 | F46: 3 | G46: 02 | H46: 51180 | J46: 151.8 | K46: 159.8 | L46: 15.3
A47: Расходы на выплаты персоналу в целях обеспечения выполнения функций государственными (муниципальными) органами, казенными учреждениями, органами управления государственными внебюджетными фондами | B47: 922 | C47: 02 | D47: 03 | E47: 17 | F47: 3 | G47: 02 | H47: 51180 | I47: 100 | J47: 140.2 | K47: 145.7 | L47: 159.8
A48: Расходы на выплаты персоналу государственных (муниципальных) органов | B48: 922 | C48: 02 | D48: 03 | E48: 17 | F48: 3 | G48: 02 | H48: 51180 | I48: 120 | J48: 140.2 | K48: 145.7 | L48: 159.8
A49: Закупка товаров, работ и услуг для обеспечения государственных (муниципальных) нужд | B49: 922 | C49: 02 | D49: 03 | E49: 17 | F49: 3 | G49: 02 | H49: 51180 | I49: 200 | J49: 11.6 | K49: 14.1 | L49: 15.5
A50: Иные закупки товаров, работ и услуг для обеспечения государственных (муниципальных) нужд | B50: 922 | C50: 02 | D50: 03 | E50: 17 | F50: 3 | G50: 02 | H50: 51180 | I50: 240 | J50: 11.6 | K50: 14.1 | L50: 15.5
A51: Гражданская оборона | B51: 922 | C51: 03 | J51: =J52 -> 0 | K51: =K52 -> 0 | L51: =L52 -> 0
A52: Защита населения и территории от чрезвычайных ситуаций природного и техногенного характера, пожарная безопасность | B52: 922 | C52: 03 | D52: 10
A53: Муниципальная программа "Защита населения и территории от чрезвычайных ситуаций природного и техногенного характера, пожарная безопасность Кученяевского сельского поселения Ардатовского муниципального района Республики Мордовия на 2025-2027 гг" | B53: 922 | C53: 03 | D53: 10 | E53: 89
A54: Подпрограмма "Гражданская оборона" | B54: 922 | C54: 03 | D54: 10 | E54: 89 | F54: 1
A55: Прочие мероприятия по защите населения и территории от чрезвычайных ситуаций природного и техногенного характера, пожарная безопасностье | B55: 922 | C55: 03 | D55: 10 | E55: 89 | F55: 1 | G55: 00 | H55: 80190
A56: Закупка товаров, работ и услуг для обеспечения государственных (муниципальных) нужд | B56: 922 | C56: 03 | D56: 10 | E56: 89 | F56: 1 | G56: 00 | H56: 80190 | I56: 200
A57: Прочая закупка товаров, работ и услуг для обеспечения государственных (муниципальных) нужд | B57: 922 | C57: 03 | D57: 10 | E57: 89 | F57: 1 | G57: 00 | H57: 80190 | I57: 244
A58: Национальная экономика | B58: 922 | C58: 04 | J58: =J64 -> 518.1 | K58: =K64 -> 533.6 | L58: =L64 -> 549.1
A59: Дорожное хозяйство | B59: 922 | C59: 04 | D59: 09 | J59: ='Приложение 1'!C25 -> 518.1 | K59: ='Приложение 1'!D25 -> 533.6 | L59: ='Приложение 1'!E25 -> 549.1
A60: Муниципальная программа "Развитие дорожного хозяйства на территории Кученяевского сельского поселения Ардатовского муниципального района Республики Мордовия на 2020-2024 годы" | B60: 922 | C60: 04 | D60: 09 | E60: 89 | F60: 1 | J60: =J59 -> 518.1 | K60: =K59 -> 533.6 | L60: =L59 -> 549.1
A61: Основное мероприятие "Проведение ремонта автомобильных дорог общего пользования местного значения в границах Кученяевского сельского поселения" | B61: 922 | C61: 04 | D61: 09 | E61: 89 | F61: 1 | G61: 00 | J61: =J60 -> 518.1 | K61: =K60 -> 533.6 | L61: =L60 -> 549.1
A62: Ремонт автомобильных дорог общего пользования местного значения и искусственных сооружений на них | B62: 922 | C62: 04 | D62: 09 | E62: 89 | F62: 1 | G62: 00 | H62: 44102 | J62: =J61 -> 518.1 | K62: =K61 -> 533.6 | L62: =L61 -> 549.1
A63: Закупка товаров, работ и услуг для обеспечения государственных (муниципальных) нужд | B63: 922 | C63: 04 | D63: 09 | E63: 89 | F63: 1 | G63: 00 | H63: 44102 | I63: 200 | J63: =J62 -> 518.1 | K63: =K62 -> 533.6 | L63: =L62 -> 549.1
A64: Иные закупки товаров, работ и услуг для обеспечения государственных (муниципальных) нужд | B64: 922 | C64: 04 | D64: 09 | E64: 89 | F64: 1 | G64: 00 | H64: 44102 | I64: 240 | J64: =J63 -> 518.1 | K64: =K63 -> 533.6 | L64: =L63 -> 549.1
A65: Жилищно - коммунальное хозяйство | B65: 922 | C65: 05 | J65: =J66 -> 342.3 | K65: =K66 -> 356 | L65: =L66 -> 370.3
A66: Благоустройство | B66: 922 | C66: 05 | D66: 03 | J66: 342.3 | K66: 356 | L66: 370.3
A67: Муниципальная программа "Развитие жилищно-коммунального хозяйства и благоустройства Кученяевского сельского поселения Ардатовского муниципального района Республики Мордовия на 2025-2027 гг" | B67: 922 | C67: 05 | D67: 03 | E67: 89 | J67: 342.3 | K67: 356 | L67: 370.3
A68: Подпрограмма "Благоустройство" | B68: 922 | C68: 05 | D68: 03 | E68: 89 | F68: 1 | J68: 342.3 | K68: 356 | L68: 370.3
A69: Прочие мероприятия по благоустройству | B69: 922 | C69: 05 | D69: 03 | E69: 89 | F69: 1 | G69: 00 | H69: 43040 | J69: 342.3 | K69: 356 | L69: 370.3
A70: Закупка товаров, работ и услуг для обеспечения государственных (муниципальных) нужд | B70: 922 | C70: 05 | D70: 03 | E70: 89 | F70: 1 | G70: 00 | H70: 43040 | I70: 200 | J70: 342.3 | K70: 356 | L70: 370.3
A71: Прочая закупка товаров, работ и услуг для обеспечения государственных (муниципальных) нужд | B71: 922 | C71: 05 | D71: 03 | E71: 89 | F71: 1 | G71: 00 | H71: 43040 | I71: 240 | J71: 342.3 | K71: 356.5 | L71: 370.3
A72: Муниципальная программа "Развитие жилищно-коммунального хозяйства и благоустройства Кученяевского сельского поселения Ардатовского муниципального района Республики Мордовия на 2020-2024 гг" | B72: 922 | C72: 05 | D72: 03 | E72: 89
A73: Подпрограмма "Благоустройство" | B73: 922 | C73: 05 | D73: 03 | E73: 89 | F73: 1
A74: Основное мероприятие «Благоустройство сельских территорий» | B74: 922 | C74: 05 | D74: 03 | E74: 89 | F74: 1 | G74: 00 | H74: 43040
A75: Реализация мероприятий по комплексному развитию сельских территорий | B75: 922 | C75: 05 | D75: 03 | E75: 89 | F75: 1 | G75: 00 | H75: 43040 | I75: 200
A76: Иные закупки товаров, работ и услуг для обеспечения государственных (муниципальных) нужд | B76: 922 | C76: 05 | D76: 03 | E76: 89 | F76: 1 | G76: 00 | H76: 43040 | I76: 240
A77: Прочие мероприятия по благоустройству | B77: 922 | C77: 05 | D77: 03 | E77: 89 | F77: 1 | G77: 00 | H77: 78090
A78: Закупка товаров, работ и услуг для обеспечения государственных (муниципальных) нужд | B78: 922 | C78: 05 | D78: 03 | E78: 89 | F78: 1 | G78: 00 | H78: 78090 | I78: 200
A79: Иные закупки товаров, работ и услуг для обеспечения государственных (муниципальных) нужд | B79: 922 | C79: 05 | D79: 03 | E79: 89 | F79: 1 | G79: 00 | H79: 78090 | I79: 240
A80: Социальная политика | B80: 922 | C80: 10 | J80: =J81 -> 276.6 | K80: =K81 -> 276.6 | L80: =L81 -> 276.6
A81: Пенсионное обеспечение | B81: 922 | C81: 10 | D81: 01 | J81: 276.6 | K81: 276.6 | L81: 276.6
A82: Не программные расходы главных распорядителей бюджетных средств Республики Мордовия | B82: 922 | C82: 10 | D82: 01 | E82: 89 | J82: 276.6 | K82: 276.6 | L82: 276.6
A83: Не программные расходы в рамках обеспечения деятельности главных распорядителей бюджетных средств Республики Мордовия | B83: 922 | C83: 10 | D83: 01 | E83: 89 | F83: 1 | G83: 00 | J83: 276.6 | K83: 276.6 | L83: 276.6
A84: Доплаты к пенсиям муниципальных служащих Республики Мордовия | B84: 922 | C84: 10 | D84: 01 | E84: 89 | F84: 1 | G84: 00 | H84: 03010 | J84: 276.6 | K84: 276.6 | L84: 276.6
A85: Социальное обеспечение и иные выплаты населению | B85: 922 | C85: 10 | D85: 01 | E85: 89 | F85: 1 | G85: 00 | H85: 03010 | I85: 300 | J85: 276.6 | K85: 276.6 | L85: 276.6
A86: Публичные нормативные социальные выплаты гражданам | B86: 922 | C86: 10 | D86: 01 | E86: 89 | F86: 1 | G86: 00 | H86: 03010 | I86: 310 | J86: 276.6 | K86: 276.6 | L86: 276.6
A87: Обслуживание государственного (муниципального) долга | B87: 922 | C87: 13 | J87: =J88 -> 2.8 | K87: =K88 -> 2.8 | L87: =L88 -> 2.8
A88: Обслуживание государственного (муниципального) внутреннего долга | B88: 922 | C88: 13 | D88: 01 | J88: 2.8 | K88: 2.8 | L88: 2.8
A89: Не программные расходы главных распорядителей бюджетных средств Республики Мордовия | B89: 922 | C89: 13 | D89: 01 | E89: 89 | J89: 2.8 | K89: 2.8 | L89: 2.8
A90: Не программные расходы в рамках обеспечения деятельности главных распорядителей бюджетных средств Республики Мордовия | B90: 922 | C90: 13 | D90: 01 | E90: 89 | F90: 1 | G90: 00 | J90: 2.8 | K90: 2.8 | L90: 2.8
A91: Процентные платежи по муниципальному долгу | B91: 922 | C91: 13 | D91: 01 | E91: 89 | F91: 1 | G91: 00 | H91: 41240 | J91: 2.8 | K91: 2.8 | L91: 2.8
A92: Обслуживание государственного (муниципального) долга | B92: 922 | C92: 13 | D92: 01 | E92: 89 | F92: 1 | G92: 00 | H92: 41240 | I92: 700 | J92: 2.8 | K92: 2.8 | L92: 2.8
A93: Обслуживание муниципального долга | B93: 922 | C93: 13 | D93: 01 | E93: 89 | F93: 1 | G93: 00 | H93: 41240 | I93: 730 | J93: 2.8 | K93: 2.8 | L93: 2.8
A94: Условно утвержденные расходы | B94: 000 | C94: 00 | D94: 00 | E94: 00 | F94: 0 | G94: 00 | H94: 00000 | I94: 000 | K94: 136.6 | L94: 170.7

Sheet Приложение 3
H1: Приложение 3 к решению Совета депутатов Кученяевского сельского поселения Ардатовского муниципального района Республики Мордовия «О бюджете Кученяевского сельского поселения Ардатовского муниципального района Республики Мордовия на 2026 год и на плановый период 2027 и 2028 годов» от г. №
A2: РАСПРЕДЕЛЕНИЕ БЮДЖЕТНЫХ АССИГНОВАНИЙ БЮДЖЕТА КУЧЕНЯЕВСКОГО СЕЛЬСКОГО ПОСЕЛЕНИЯ АРДАТОВСКОГО МУНИЦИПАЛЬНОГО РАЙОНА РЕСПУБЛИКИ МОРДОВИЯ ПО РАЗДЕЛАМ, ПОДРАЗДЕЛАМ, ЦЕЛЕВЫМ СТАТЬЯМ (МУНИЦИПАЛЬНЫМ ПРОГРАММАМ И НЕПРОГРАММНЫМ НАПРАВЛЕНИЯМ ДЕЯТЕЛЬНОСТИ), ГРУППАМ И ПОДГРУППАМ ВИДОВ РАСХОДОВ КЛАССИФИКАЦИИ РАСХОДОВ БЮДЖЕТОВ НА 2026ГОД И НА ПЛАНОВЫЙ ПЕРИОД 2027 И 2028 ГОДОВ
H3: (тыс. рублей)
A4: Наименование | B4: Рз | C4: Прз | D4: Цср | H4: Вр | I4: Сумма
I5: 2026год | J5: 2027 год | K5: 2028 год
A6: 1 | B6: 2 | C6: 3 | D6: 4 | E6: 5 | F6: 6 | G6: 7 | H6: 8 | I6: 9 | J6: 10 | K6: 11
A7: ВСЕГО | I7: =I8 -> 2506.55 | J7: =J8 -> 2718.3 | K7: =K8 -> 2954.5
A8: Общегосударственные вопросы | B8: 01 | I8: =I9+I16+I34+I40+I56+I63+I79+I86+I49 -> 2506.55 | J8: =J9+J16+J34+J40+J56+J63+J79+J86 -> 2718.3 | K8: =K9+K16+K34+K40+K56+K63+K79+K86 -> 2954.5
A9: Функционирование Правительства Российской Федерации, высших исполнительных органов государственной власти субъектов Российской Федерации, местных администраций | B9: 01 | C9: 04 | I9: =I10+I23 -> 869.5 | J9: =J10+J23 -> 886.1 | K9: =K10+K23 -> 1147
A10: Муниципальная программа "Профилактика правонарушений на территории Кученяевского сельского поселения Ардатовского муниципального района республики Мордовия на 2020-2024гг." | B10: 01 | C10: 04 | D10: 19 | E10: 0 | I10: =SUM(I11) -> 0.8 | J10: =SUM(J11) -> 0.9 | K10: =SUM(K11) -> 0.9
A11: Основное мероприятие «Обеспечение деятельности должностных лиц уполномоченных составлять протоколы об административных правонарушениях, предусмотренных Законом Республики Мордовия от 15 июня 2015 года № 38-З "Об административной ответственности на территории Республики Мордовия" | B11: 01 | C11: 04 | D11: 19 | E11: 0 | F11: 03 | I11: =SUM(I12) -> 0.8 | J11: =SUM(J12) -> 0.9 | K11: =SUM(K12) -> 0.9
A12: Осуществление государственных полномочий Республики Мордовия по определению перечня должностных лиц, уполномоченных составлять протоколы об административных правонарушениях, предусмотренных Законом Республики Мордовия от 15 июня 2015 года № 38-З "Об административной ответственности на территории Республики Мордовия" | B12: 01 | C12: 04 | D12: 19 | E12: 0 | F12: 03 | G12: 77150 | I12: =SUM(I13) -> 0.8 | J12: =SUM(J13) -> 0.9 | K12: =SUM(K13) -> 0.9
A13: Закупка товаров, работ и услуг для обеспечения государственных (муниципальных) нужд | B13: 01 | C13: 04 | D13: 19 | E13: 0 | F13: 03 | G13: 77150 | H13: 200 | I13: =SUM(I14) -> 0.8 | J13: =SUM(J14) -> 0.9 | K13: =SUM(K14) -> 0.9
A14: Иные закупки товаров, работ и услуг для обеспечения государственных (муниципальных) нужд | B14: 01 | C14: 04 | D14: 19 | E14: 0 | F14: 03 | G14: 77150 | H14: 240 | I14: =SUM('Приложение 2'!J15) -> 0.8 | J14: =SUM('Приложение 2'!K15) -> 0.9 | K14: =SUM('Приложение 2'!L15) -> 0.9
A15: Обеспечение деятельности Администрации Кученяевского сельскогоо поселения Ардатовского муниципального района Республики Мордовия | B15: 01 | C15: 04 | D15: 65 | I15: =I23 -> 868.7 | J15: =J23 -> 885.2 | K15: =K23 -> 1146.1
A16: Глава Кученяевского сельского поселения | B16: 01 | C16: 02 | D16: 65 | E16: 1 | F16: 00 | I16: =I17+I20 -> 345.35 | J16: =J17+J20 -> 503.3 | K16: =K17+K20 -> 433.3
A17: Расходы на выплаты по оплате труда Главы Кученяевского сельского поселения Ардатовского муниципального района Республики Мордовия | B17: 01 | C17: 02 | D17: 65 | E17: 1 | F17: 00 | G17: 41150 | I17: =SUM(I18) -> 252.95 | J17: =SUM(J18) -> 373.3 | K17: =SUM(K18) -> 303.3
A18: Расходы на выплаты персоналу в целях обеспечения выполнения функций государственными (муниципальными) органами, казенными учреждениями, органами управления государственными внебюджетными фондами | B18: 01 | C18: 02 | D18: 65 | E18: 1 | F18: 00 | G18: 41150 | H18: 100 | I18: =SUM(I19) -> 252.95 | J18: =SUM(J19) -> 373.3 | K18: =SUM(K19) -> 303.3
A19: Расходы на выплаты персоналу государственных (муниципальных) органов | B19: 01 | C19: 02 | D19: 65 | E19: 1 | F19: 00 | G19: 41150 | H19: 120 | I19: =SUM('Приложение 2'!J20) -> 252.95 | J19: =SUM('Приложение 2'!K20) -> 373.3 | K19: =SUM('Приложение 2'!L20) -> 303.3
A20: Расходы на выплаты по оплате труда Главы Кученяевского сельского поселения Ардатовского муниципального района Республики Мордовия | B20: 01 | C20: 02 | D20: 65 | E20: 1 | F20: 00 | G20: 44205 | I20: =I21 -> 92.4 | J20: =SUM(J21) -> 130 | K20: =SUM(K21) -> 130
A21: Расходы на выплаты персоналу в целях обеспечения выполнения функций государственными (муниципальными) органами, казенными учреждениями, органами управления государственными внебюджетными фондами | B21: 01 | C21: 02 | D21: 65 | E21: 1 | F21: 00 | G21: 44205 | H21: 100 | I21: =I22 -> 92.4 | J21: =SUM(J22) -> 130 | K21: =SUM(K22) -> 130
A22: Расходы на выплаты персоналу государственных (муниципальных) органов | B22: 01 | C22: 02 | D22: 65 | E22: 1 | F22: 00 | G22: 44205 | H22: 120 | I22: ='Приложение 2'!J21 -> 92.4 | J22: =SUM('Приложение 2'!K23) -> 130 | K22: =SUM('Приложение 2'!L23) -> 130
A23: Деятельность администрации Кученяевского сельского поселения Ардатовского муниципального района Республики Мордовия | B23: 01 | C23: 04 | D23: 65 | E23: 2 | F23: 00 | I23: =I24+I30+I32+I27 -> 868.7 | J23: =J24+J27+J30+J32 -> 885.2 | K23: =K24+K27+K30+K32 -> 1146.1
A24: Расходы на выплаты по оплате труда работников органов местного самоуправления | B24: 01 | C24: 04 | D24: 65 | E24: 2 | F24: 00 | G24: 41110 | I24: =SUM(I25) -> 432.2 | J24: =SUM(J25) -> 459 | K24: =SUM(K25) -> 674.1
A25: Расходы на выплаты персоналу в целях обеспечения выполнения функций государственными (муниципальными) органами, казенными учреждениями, органами управления государственными внебюджетными фондами | B25: 01 | C25: 04 | D25: 65 | E25: 2 | F25: 00 | G25: 41110 | H25: 100 | I25: =SUM(I26) -> 432.2 | J25: =SUM(J26) -> 459 | K25: =SUM(K26) -> 674.1
A26: Расходы на выплаты персоналу государственных (муниципальных) органов | B26: 01 | C26: 04 | D26: 65 | E26: 2 | F26: 00 | G26: 41110 | H26: 120 | I26: =SUM('Приложение 2'!J27) -> 432.2 | J26: =SUM('Приложение 2'!K27) -> 459 | K26: =SUM('Приложение 2'!L27) -> 674.1
A27: Расходы на выплаты по оплате труда работников органов местного самоуправления | B27: 01 | C27: 04 | D27: 65 | E27: 2 | F27: 00 | G27: 44205 | I27: =SUM(I28) -> 235.1 | J27: =SUM(J28) -> 209.9 | K27: =SUM(K28) -> 209.9
A28: Расходы на выплаты персоналу в целях обеспечения выполнения функций государственными (муниципальными) органами, казенными учреждениями, органами управления государственными внебюджетными фондами | B28: 01 | C28: 04 | D28: 65 | E28: 2 | F28: 00 | G28: 44205 | H28: 100 | I28: =SUM(I29) -> 235.1 | J28: =SUM(J29) -> 209.9 | K28: =SUM(K29) -> 209.9
A29: Расходы на выплаты персоналу государственных (муниципальных) органов | B29: 01 | C29: 04 | D29: 65 | E29: 2 | F29: 00 | G29: 44205 | H29: 120 | I29: =SUM('Приложение 2'!J30) -> 235.1 | J29: =SUM('Приложение 2'!K30) -> 209.9 | K29: =SUM('Приложение 2'!L30) -> 209.9
A30: Закупка товаров, работ и услуг для обеспечения государственных (муниципальных) нужд | B30: 01 | C30: 04 | D30: 65 | E30: 2 | F30: 00 | G30: 41120 | H30: 200 | I30: =SUM(I31) -> 195.4 | J30: =SUM(J31) -> 210.3 | K30: =SUM(K31) -> 256.1
A31: Иные закупки товаров, работ и услуг для обеспечения государственных (муниципальных) нужд | B31: 01 | C31: 04 | D31: 65 | E31: 2 | F31: 00 | G31: 41120 | H31: 240 | I31: =SUM('Приложение 2'!J33) -> 195.4 | J31: 210.3 | K31: 256.1
A32: Иные бюджетные ассигнования | B32: 01 | C32: 04 | D32: 65 | E32: 2 | F32: 00 | G32: 41120 | H32: 800 | I32: =SUM(I33) -> 6 | J32: =SUM(J33) -> 6 | K32: =SUM(K33) -> 6
A33: Уплата налогов, сборов и иных платежей | B33: 01 | C33: 04 | D33: 65 | E33: 2 | F33: 00 | G33: 41120 | H33: 850 | I33: =SUM('Приложение 2'!J35) -> 6 | J33: =SUM('Приложение 2'!K35) -> 6 | K33: =SUM('Приложение 2'!L35) -> 6
A34: Резервные фонды | B34: 01 | C34: 11 | I34: =SUM(I35) -> 0.1 | J34: =SUM(J35) -> 0.1 | K34: =SUM(K35) -> 0.1
A35: Непрограммные расходы главных распорядителей средств местного бюджет | B35: 01 | C35: 11 | D35: 89 | I35: =SUM(I36) -> 0.1 | J35: =SUM(J36) -> 0.1 | K35: =SUM(K36) -> 0.1
A36: Непрограммные расходы в рамках обеспечения деятельности главных распорядителей средств местного бюджета | B36: 01 | C36: 11 | D36: 89 | E36: 1 | F36: 00 | I36: =SUM(I37) -> 0.1 | J36: =SUM(J37) -> 0.1 | K36: =SUM(K37) -> 0.1
A37: Резервный фонд администрации Кученяевского сельского поселения Ардатовского муниципального района Республики Мордовия | B37: 01 | C37: 11 | D37: 89 | E37: 1 | F37: 00 | G37: 41180 | I37: =SUM(I38) -> 0.1 | J37: =SUM(J38) -> 0.1 | K37: =SUM(K38) -> 0.1
A38: Иные бюджетные ассигнования | B38: 01 | C38: 11 | D38: 89 | E38: 1 | F38: 00 | G38: 41180 | H38: 800 | I38: =SUM(I39) -> 0.1 | J38: =SUM(J39) -> 0.1 | K38: =SUM(K39) -> 0.1
A39: Резервные средства | B39: 01 | C39: 11 | D39: 89 | E39: 1 | F39: 00 | G39: 41180 | H39: 870 | I39: =SUM('Приложение 2'!J41) -> 0.1 | J39: =SUM('Приложение 2'!K41) -> 0.1 | K39: =SUM('Приложение 2'!L41) -> 0.1
A40: Национальная оборона | B40: 02 | I40: =SUM(I41) -> 151.8 | J40: =SUM(J41) -> 159.8 | K40: =SUM(K41) -> 175.3
A41: Мобилизационная и вневойсковая подготовка | B41: 02 | C41: 03 | I41: =SUM(I42) -> 151.8 | J41: =SUM(J42) -> 159.8 | K41: =SUM(K42) -> 175.3
A42: Муниципальная программа «Осуществление первичного воинского учета в Кученяевском сельском поселении Ардатовского муниципального района Республики Мордовия на 2020-2024 годы» | B42: 02 | C42: 03 | D42: 17 | E42: 0 | I42: =SUM(I43) -> 151.8 | J42: =SUM(J43) -> 159.8 | K42: =SUM(K43) -> 175.3
A43: Основное мероприятие «Обеспечение деятельности военно-учетного стола» | B43: 02 | C43: 03 | D43: 17 | E43: 0 | F43: 01 | I43: =SUM(I44) -> 151.8 | J43: =SUM(J44) -> 159.8 | K43: =SUM(K44) -> 175.3
A44: Осуществление первичного воинского учета на территориях, где отсутствуют военные комиссариаты | B44: 02 | C44: 03 | D44: 17 | E44: 0 | F44: 01 | G44: 51180 | I44: =SUM(I45+I47) -> 151.8 | J44: =SUM(J45+J47) -> 159.8 | K44: =SUM(K45+K47) -> 175.3
A45: Расходы на выплаты персоналу в целях обеспечения выполнения функций государственными (муниципальными) органами, казенными учреждениями, органами управления государственными внебюджетными фондами | B45: 02 | C45: 03 | D45: 17 | E45: 0 | F45: 01 | G45: 51180 | H45: 100 | I45: =SUM(I46) -> 140.2 | J45: =SUM(J46) -> 145.7 | K45: =SUM(K46) -> 159.8
A46: Расходы на выплаты персоналу государственных (муниципальных) органов | B46: 02 | C46: 03 | D46: 17 | E46: 0 | F46: 01 | G46: 51180 | H46: 120 | I46: =SUM('Приложение 2'!J48) -> 140.2 | J46: =SUM('Приложение 2'!K48) -> 145.7 | K46: =SUM('Приложение 2'!L48) -> 159.8
A47: Закупка товаров, работ и услуг для обеспечения государственных (муниципальных) нужд | B47: 02 | C47: 03 | D47: 17 | E47: 0 | F47: 01 | G47: 51180 | H47: 200 | I47: =SUM(I48) -> 11.6 | J47: =SUM(J48) -> 14.1 | K47: =SUM(K48) -> 15.5
A48: Иные закупки товаров, работ и услуг для обеспечения государственных (муниципальных) нужд | B48: 02 | C48: 03 | D48: 17 | E48: 0 | F48: 01 | G48: 51180 | H48: 240 | I48: =SUM('Приложение 2'!J50) -> 11.6 | J48: =SUM('Приложение 2'!K50) -> 14.1 | K48: =SUM('Приложение 2'!L50) -> 15.5
A49: Гражданская оборона | B49: 03 | I49: =I50 -> 0 | J49: =J50 -> 0 | K49: =K50 -> 0
A50: Защита населения и территории от чрезвычайных ситуаций природного и техногенного характера, пожарная безопасность | B50: 03 | C50: 10
A51: Муниципальная программа "Защита населения и территории от чрезвычайных ситуаций природного и техногенного характера, пожарная безопасность Кученяевского сельского поселения Ардатовского муниципального района Республики Мордовия на 2025-2027 гг" | B51: 03 | C51: 10 | D51: 89
A52: Подпрограмма "Гражданская оборона" | B52: 03 | C52: 10 | D52: 89 | E52: 1
A53: Прочие мероприятия по защите населения и территории от чрезвычайных ситуаций природного и техногенного характера, пожарная безопасностье | B53: 03 | C53: 10 | D53: 89 | E53: 1 | F53: 00 | G53: 80190
A54: Закупка товаров, работ и услуг для обеспечения государственных (муниципальных) нужд | B54: 03 | C54: 10 | D54: 89 | E54: 1 | F54: 00 | G54: 80190 | H54: 200
A55: Прочая закупка товаров, работ и услуг для обеспечения государственных (муниципальных) нужд | B55: 03 | C55: 10 | D55: 89 | E55: 1 | F55: 00 | G55: 80190 | H55: 244
A56: Национальная экономика | B56: 04 | I56: =I57 -> 518.1 | J56: =J57 -> 533.6 | K56: =K57 -> 549.1
A57: Дорожное хозяйство | B57: 04 | C57: 09 | I57: =SUM(I58) -> 518.1 | J57: =SUM(J58) -> 533.6 | K57: =SUM(K58) -> 549.1
A58: Муниципальная программа "Развитие дорожного хозяйства на территории Куракинского сельского поселения Ардатовского муниципального района Республики Мордовия на 2020-2024 годы" | B58: 04 | C58: 09 | D58: 89 | E58: 1 | I58: =I59 -> 518.1 | J58: =J59 -> 533.6 | K58: =K59 -> 549.1
A59: Основное мероприятие "Проведение ремонта автомобильных дорог общего пользования местного значения в границах Кученяевского сельского поселения" | B59: 04 | C59: 09 | D59: 89 | E59: 1 | F59: 00 | I59: =SUM(I60) -> 518.1 | J59: =SUM(J60) -> 533.6 | K59: =SUM(K60) -> 549.1
A60: Ремонт автомобильных дорог общего пользования местного значения и искусственных сооружений на них | B60: 04 | C60: 09 | D60: 89 | E60: 1 | F60: 00 | G60: 44102 | I60: =SUM(I61) -> 518.1 | J60: =SUM(J61) -> 533.6 | K60: =SUM(K61) -> 549.1
A61: Закупка товаров, работ и услуг для обеспечения государственных (муниципальных) нужд | B61: 04 | C61: 09 | D61: 89 | E61: 1 | F61: 00 | G61: 44102 | H61: 200 | I61: =SUM(I62) -> 518.1 | J61: =SUM(J62) -> 533.6 | K61: =SUM(K62) -> 549.1
A62: Иные закупки товаров, работ и услуг для обеспечения государственных (муниципальных) нужд | B62: 04 | C62: 09 | D62: 89 | E62: 1 | F62: 00 | G62: 44102 | H62: 240 | I62: ='Приложение 2'!J64 -> 518.1 | J62: ='Приложение 2'!K64 -> 533.6 | K62: ='Приложение 2'!L64 -> 549.1
A63: Жилищно - коммунальное хозяйство | B63: 05 | I63: =I64 -> 342.3 | J63: =J64 -> 356 | K63: =K64 -> 370.3
A64: Благоустройство | B64: 05 | C64: 03 | I64: 342.3 | J64: =J65 -> 356 | K64: =K65 -> 370.3
A65: Муниципальная программа "Развитие жилищно-коммунального хозяйства и благоустройства Кученяевского сельского поселения Ардатовского муниципального района Республики Мордовия на 2025-2027 гг" | B65: 05 | C65: 03 | D65: 89 | I65: 342.3 | J65: =J66 -> 356 | K65: =K66 -> 370.3
A66: Подпрограмма "Благоустройство" | B66: 05 | C66: 03 | D66: 89 | E66: 1 | I66: 342.3 | J66: =J67 -> 356 | K66: =K67 -> 370.3
A67: Основное мероприятие "Благоустройство территории городского поселения и поддержание санитарного состояния населенного пункта" | B67: 05 | C67: 03 | D67: 89 | E67: 1 | F67: 00 | I67: 342.3 | J67: =SUM(J68) -> 356 | K67: =SUM(K68) -> 370.3
A68: Прочие мероприятия по благоустройству | B68: 05 | C68: 03 | D68: 89 | E68: 1 | F68: 00 | G68: 43040 | I68: 342.3 | J68: =SUM(J69) -> 356 | K68: =SUM(K69) -> 370.3
A69: Закупка товаров, работ и услуг для обеспечения государственных (муниципальных) нужд | B69: 05 | C69: 03 | D69: 89 | E69: 1 | F69: 00 | G69: 43040 | H69: 200 | I69: 342.3 | J69: =SUM(J70) -> 356 | K69: =SUM(K70) -> 370.3
A70: Иные закупки товаров, работ и услуг для обеспечения государственных (муниципальных) нужд | B70: 05 | C70: 03 | D70: 89 | E70: 1 | F70: 0 | G70: 43040 | H70: 240 | I70: 342.3 | J70: 356 | K70: 370.3
A71: Муниципальная программа "Развитие жилищно-коммунального хозяйства и благоустройства Кученяевского сельского поселения Ардатовского муниципального района Республики Мордовия на 2020-2024 гг" | B71: 05 | C71: 03 | D71: 89
A72: Подпрограмма "Благоустройство" | B72: 05 | C72: 03 | D72: 89 | E72: 1
A73: Основное мероприятие «Благоустройство сельских территорий» | B73: 05 | C73: 03 | D73: 89 | E73: 1 | F73: 00 | G73: 43040
A74: Реализация мероприятий по комплексному развитию сельских территорий | B74: 05 | C74: 03 | D74: 89 | E74: 1 | F74: 00 | G74: 43040 | H74: 200
A75: Иные закупки товаров, работ и услуг для обеспечения государственных (муниципальных) нужд | B75: 05 | C75: 03 | D75: 89 | E75: 1 | F75: 00 | G75: 43040 | H75: 240
A76: Прочие мероприятия по благоустройству | B76: 05 | C76: 03 | D76: 89 | E76: 1 | F76: 00 | G76: 78090
A77: Закупка товаров, работ и услуг для обеспечения государственных (муниципальных) нужд | B77: 05 | C77: 03 | D77: 89 | E77: 1 | F77: 00 | G77: 78090 | H77: 200
A78: Иные закупки товаров, работ и услуг для обеспечения государственных (муниципальных) нужд | B78: 05 | C78: 03 | D78: 89 | E78: 1 | F78: 00 | G78: 78090 | H78: 240
A79: Социальная политика | B79: 10 | I79: =SUM(I80) -> 276.6 | J79: =SUM(J80) -> 276.6 | K79: =SUM(K80) -> 276.6
A80: Пенсионное обеспечение | B80: 10 | C80: 01 | I80: =SUM(I81) -> 276.6 | J80: =SUM(J81) -> 276.6 | K80: =SUM(K81) -> 276.6
A81: Не программные расходы главных распорядителей бюджетных средств Республики Мордовия | B81: 10 | C81: 01 | D81: 89 | I81: =SUM(I82) -> 276.6 | J81: =SUM(J82) -> 276.6 | K81: =SUM(K82) -> 276.6
A82: Не программные расходы в рамках обеспечения деятельности главных распорядителей бюджетных средств Республики Мордовия | B82: 10 | C82: 01 | D82: 89 | E82: 1 | F82: 00 | I82: =SUM(I83) -> 276.6 | J82: =SUM(J83) -> 276.6 | K82: =SUM(K83) -> 276.6
A83: Доплаты к пенсиям муниципальных служащих Республики Мордовия | B83: 10 | C83: 01 | D83: 89 | E83: 1 | F83: 00 | G83: 03010 | I83: =SUM(I84) -> 276.6 | J83: =SUM(J84) -> 276.6 | K83: =SUM(K84) -> 276.6
A84: Социальное обеспечение и иные выплаты населению | B84: 10 | C84: 01 | D84: 89 | E84: 1 | F84: 00 | G84: 03010 | H84: 300 | I84: =SUM(I85) -> 276.6 | J84: =SUM(J85) -> 276.6 | K84: =SUM(K85) -> 276.6
A85: Публичные нормативные социальные выплаты гражданам | B85: 10 | C85: 01 | D85: 89 | E85: 1 | F85: 00 | G85: 03010 | H85: 310 | I85: =SUM('Приложение 2'!J86) -> 276.6 | J85: =SUM('Приложение 2'!K86) -> 276.6 | K85: =SUM('Приложение 2'!L86) -> 276.6
A86: Обслуживание государственного (муниципального) долга | B86: 13 | I86: =SUM(I87) -> 2.8 | J86: =SUM(J87) -> 2.8 | K86: =SUM(K87) -> 2.8
A87: Обслуживание государственного (муниципального) внутреннего долга | B87: 13 | C87: 01 | I87: =SUM(I88) -> 2.8 | J87: =SUM(J88) -> 2.8 | K87: =SUM(K88) -> 2.8
A88: Не программные расходы главных распорядителей бюджетных средств Республики Мордовия | B88: 13 | C88: 01 | D88: 89 | I88: =SUM(I89) -> 2.8 | J88: =SUM(J89) -> 2.8 | K88: =SUM(K89) -> 2.8
A89: Не программные расходы в рамках обеспечения деятельности главных распорядителей бюджетных средств Республики Мордовия | B89: 13 | C89: 01 | D89: 89 | E89: 1 | F89: 00 | I89: =SUM(I90) -> 2.8 | J89: =SUM(J90) -> 2.8 | K89: =SUM(K90) -> 2.8
A90: Процентные платежи по муниципальному долгу | B90: 13 | C90: 01 | D90: 89 | E90: 1 | F90: 00 | G90: 41240 | I90: =SUM(I91) -> 2.8 | J90: =SUM(J91) -> 2.8 | K90: =SUM(K91) -> 2.8
A91: Обслуживание государственного (муниципального) долга | B91: 13 | C91: 01 | D91: 89 | E91: 1 | F91: 00 | G91: 41240 | H91: 700 | I91: =SUM(I92) -> 2.8 | J91: =SUM(J92) -> 2.8 | K91: =SUM(K92) -> 2.8
A92: Обслуживание муниципального долга | B92: 13 | C92: 01 | D92: 89 | E92: 1 | F92: 00 | G92: 41240 | H92: 730 | I92: =SUM('Приложение 2'!J93) -> 2.8 | J92: =SUM('Приложение 2'!K93) -> 2.8 | K92: =SUM('Приложение 2'!L93) -> 2.8
A93: Условно утвержденные расходы | B93: 00 | C93: 00 | D93: 00 | E93: 0 | F93: 00 | G93: 00000 | H93: 000 | J93: =SUM('Приложение 2'!K94) -> 136.6 | K93: =SUM('Приложение 2'!L94) -> 170.7

Sheet Приложение 4
I1: Приложение 4 к решению Совета депутатов Кученяевского сельского поселения Ардатовского муниципального района Республики Мордовия «О бюджете Кученяевского сельского поселения Ардатовского муниципального района Республики Мордовия на 2026 год и на плановый период 2027 и 2028годов» от г. №
A2: РАСПРЕДЕЛЕНИЕ БЮДЖЕТНЫХ АССИГНОВАНИЙ БЮДЖЕТА КУЧЕНЯЕВСКОГО СЕЛЬСКОГО ПОСЕЛЕНИЯ АРДАТОВСКОГО МУНИЦИПАЛЬНОГО РАЙОНА РЕСПУБЛИКИ МОРДОВИЯ ПО ЦЕЛЕВЫМ СТАТЬЯМ (МУНИЦИПАЛЬНЫМ ПРОГРАММАМ И НЕПРОГРАММНЫМ НАПРАВЛЕНИЯМ ДЕЯТЕЛЬНОСТИ), ГРУППАМ И ПОДГРУППАМ ВИДОВ РАСХОДОВ, РАЗДЕЛАМ И ПОДРАЗДЕЛАМ КЛАССИФИКАЦИИ РАСХОДОВ БЮДЖЕТОВ НА 2026 ГОД И НА ПЛАНОВЫЙ ПЕРИОД 2027 И 2028 ГОДОВ
I3: (тыс. рублей)
A4: Наименование | B4: Цср | F4: ВР | G4: Рз | H4: Прз | I4: Адм | J4: Сумма
J5: 2026год | K5: 2027 год | L5: 2028 год
A6: 1 | B6: 2 | C6: 3 | D6: 4 | E6: 5 | F6: 6 | G6: 7 | H6: 8 | I6: 9 | J6: 10 | K6: 11 | L6: 12
A7: ВСЕГО | J7: =J8+J16+J29+J43+J55+J91+J99+J111+J49+J37+J105 -> 2506.55 | K7: =K8+K16+K29+K43+K55+K91+K99+K111+K49+K37 -> 2718.3 | L7: =L8+L16+L29+L43+L55+L91+L99+L111+L49+L37+L105 -> 2954.5
A8: Муниципальная программа "Развитие дорожного хозяйства на территории Кученяевского сельского поселения Ардатовского муниципального района Республики Мордовия на 2020-2024 годы" | B8: 89 | C8: 1 | J8: =J9 -> 518.1 | K8: =K9 -> 533.6 | L8: =L9 -> 549.1
A9: Основное мероприятие "Проведение ремонта автомобильных дорог общего пользования местного значения в границах Кученяевского сельскогопоселения" | B9: 89 | C9: 1 | D9: 00 | J9: =SUM(J10) -> 518.1 | K9: =SUM(K10) -> 533.6 | L9: =SUM(L10) -> 549.1
A10: Ремонт автомобильных дорог общего пользования местного значения и искусственных сооружений на них | B10: 89 | C10: 1 | D10: 00 | E10: 44102 | J10: =SUM(J11) -> 518.1 | K10: =SUM(K11) -> 533.6 | L10: =SUM(L11) -> 549.1
A11: Закупка товаров, работ и услуг для обеспечения государственных (муниципальных) нужд | B11: 89 | C11: 1 | D11: 00 | E11: 44102 | F11: 200 | J11: =SUM(J12) -> 518.1 | K11: =SUM(K12) -> 533.6 | L11: =SUM(L12) -> 549.1
A12: Иные закупки товаров, работ и услуг для обеспечения государственных (муниципальных) нужд | B12: 89 | C12: 1 | D12: 00 | E12: 44102 | F12: 240 | J12: =SUM(J13) -> 518.1 | K12: =SUM(K13) -> 533.6 | L12: =SUM(L13) -> 549.1
A13: Национальная экономика | B13: 89 | C13: 1 | D13: 00 | E13: 44102 | F13: 240 | G13: 04 | J13: =SUM(J14) -> 518.1 | K13: =SUM(K14) -> 533.6 | L13: =SUM(L14) -> 549.1
A14: Дорожное хозяйство | B14: 89 | C14: 1 | D14: 00 | E14: 44102 | F14: 240 | G14: 04 | H14: 09 | J14: =SUM(J15) -> 518.1 | K14: =SUM(K15) -> 533.6 | L14: =SUM(L15) -> 549.1
A15: Администрация Кученяевского сельского поселения Ардатовского муниципального района | B15: 89 | C15: 1 | D15: 00 | E15: 42500 | F15: 240 | G15: 04 | H15: 09 | I15: 919 | J15: =SUM('Приложение 3'!I62) -> 518.1 | K15: =SUM('Приложение 3'!J62) -> 533.6 | L15: =SUM('Приложение 3'!K62) -> 549.1
A16: Муниципальная программа «Осуществление первичного воинского учета в Кученяевском сельском поселении Ардатовского муниципального района Республики Мордовия на 2020-2024 годы» | B16: 17 | C16: 3 | J16: =SUM(J17) -> 151.8 | K16: =SUM(K17) -> 159.8 | L16: =SUM(L17) -> 175.3
A17: Основное мероприятие «Обеспечение деятельности военно-учетного стола» | B17: 17 | C17: 3 | D17: 02 | J17: =SUM(J18) -> 151.8 | K17: =SUM(K18) -> 159.8 | L17: =SUM(L18) -> 175.3
A18: Осуществление первичного воинского учета на территориях, где отсутствуют военные комиссариаты | B18: 17 | C18: 3 | D18: 02 | E18: 51180 | J18: =SUM(J19+J24) -> 151.8 | K18: =SUM(K19+K24) -> 159.8 | L18: =SUM(L19+L24) -> 175.3
A19: Расходы на выплаты персоналу в целях обеспечения выполнения функций государственными (муниципальными) органами, казенными учреждениями, органами управления государственными внебюджетными фондами | B19: 17 | C19: 3 | D19: 02 | E19: 51180 | F19: 100 | J19: =SUM(J20) -> 140.2 | K19: =SUM(K20) -> 145.7 | L19: =SUM(L20) -> 159.8
A20: Расходы на выплаты персоналу государственных (муниципальных) органов | B20: 17 | C20: 3 | D20: 02 | E20: 51180 | F20: 120 | J20: =SUM(J21) -> 140.2 | K20: =SUM(K21) -> 145.7 | L20: =SUM(L21) -> 159.8
A21: Национальная оборона | B21: 17 | C21: 3 | D21: 02 | E21: 51180 | F21: 120 | G21: 02 | J21: =SUM(J22) -> 140.2 | K21: =SUM(K22) -> 145.7 | L21: =SUM(L22) -> 159.8
A22: Мобилизационная и вневойсковая подготовка | B22: 17 | C22: 3 | D22: 02 | E22: 51180 | F22: 120 | G22: 02 | H22: 03 | J22: =SUM(J23) -> 140.2 | K22: =SUM(K23) -> 145.7 | L22: =SUM(L23) -> 159.8
A23: Администрация Кученяевского сельского поселения Ардатовского муниципального района | B23: 17 | C23: 3 | D23: 02 | E23: 51180 | F23: 120 | G23: 02 | H23: 03 | I23: 919 | J23: =SUM('Приложение 3'!I46) -> 140.2 | K23: =SUM('Приложение 3'!J46) -> 145.7 | L23: =SUM('Приложение 3'!K46) -> 159.8
A24: Закупка товаров, работ и услуг для обеспечения государственных (муниципальных) нужд | B24: 17 | C24: 3 | D24: 02 | E24: 51180 | F24: 200 | J24: =SUM(J25) -> 11.6 | K24: =SUM(K25) -> 14.1 | L24: =SUM(L25) -> 15.5
A25: Иные закупки товаров, работ и услуг для обеспечения государственных (муниципальных) нужд | B25: 17 | C25: 3 | D25: 02 | E25: 51180 | F25: 240 | J25: =SUM(J26) -> 11.6 | K25: =SUM(K26) -> 14.1 | L25: =SUM(L26) -> 15.5
A26: Национальная оборона | B26: 17 | C26: 3 | D26: 02 | E26: 51180 | F26: 240 | G26: 02 | J26: =SUM(J27) -> 11.6 | K26: =SUM(K27) -> 14.1 | L26: =SUM(L27) -> 15.5
A27: Мобилизационная и вневойсковая подготовка | B27: 17 | C27: 3 | D27: 02 | E27: 51180 | F27: 240 | G27: 02 | H27: 03 | J27: =SUM(J28) -> 11.6 | K27: =SUM(K28) -> 14.1 | L27: =SUM(L28) -> 15.5
A28: Администрация Кученяевского сельского поселения Ардатовского муниципального района | B28: 17 | C28: 3 | D28: 02 | E28: 51180 | F28: 240 | G28: 02 | H28: 03 | I28: 919 | J28: =SUM('Приложение 3'!I48) -> 11.6 | K28: =SUM('Приложение 3'!J48) -> 14.1 | L28: =SUM('Приложение 3'!K48) -> 15.5
A29: Муниципальная программа "Профилактика правонарушений на территории Кученяевского сельского поселения Ардатовского муниципального района республики Мордовия на 2020-2024гг." | B29: 19 | C29: 2 | J29: =SUM(J30) -> 0.8 | K29: =SUM(K30) -> 0.9 | L29: =SUM(L30) -> 0.9
A30: Основное мероприятие «Обеспечение деятельности должностных лиц уполномоченных составлять протоколы об административных правонарушениях, предусмотренных Законом Республики Мордовия от 15 июня 2015 года № 38-З "Об административной ответственности на территории Республики Мордовия" | B30: 19 | C30: 2 | D30: 03 | J30: =SUM(J31) -> 0.8 | K30: =SUM(K31) -> 0.9 | L30: =SUM(L31) -> 0.9
A31: Осуществление государственных полномочий Республики Мордовия по определению перечня должностных лиц, уполномоченных составлять протоколы об административных правонарушениях, предусмотренных Законом Республики Мордовия от 15 июня 2015 года № 38-З "Об административной ответственности на территории Республики Мордовия" | B31: 19 | C31: 2 | D31: 03 | E31: 77150 | J31: =SUM(J32) -> 0.8 | K31: =SUM(K32) -> 0.9 | L31: =SUM(L32) -> 0.9
A32: Закупка товаров, работ и услуг для обеспечения государственных (муниципальных) нужд | B32: 19 | C32: 2 | D32: 03 | E32: 77150 | F32: 200 | J32: =SUM(J33) -> 0.8 | K32: =SUM(K33) -> 0.9 | L32: =SUM(L33) -> 0.9
A33: Иные закупки товаров, работ и услуг для обеспечения государственных (муниципальных) нужд | B33: 19 | C33: 2 | D33: 03 | E33: 77150 | F33: 240 | J33: =SUM(J34) -> 0.8 | K33: =SUM(K34) -> 0.9 | L33: =SUM(L34) -> 0.9
A34: Общегосударственные вопросы | B34: 19 | C34: 2 | D34: 03 | E34: 77150 | F34: 240 | G34: 01 | J34: =SUM(J35) -> 0.8 | K34: =SUM(K35) -> 0.9 | L34: =SUM(L35) -> 0.9
A35: Функционирование Правительства Российской Федерации, высших исполнительных органов государственной власти субъектов Российской Федерации, местных администраций | B35: 19 | C35: 2 | D35: 03 | E35: 77150 | F35: 240 | G35: 01 | H35: 04 | J35: =SUM(J36) -> 0.8 | K35: =SUM(K36) -> 0.9 | L35: =SUM(L36) -> 0.9
A36: Администрация Кученяевского сельского поселения Ардатовского муниципального района | B36: 19 | C36: 2 | D36: 03 | E36: 77150 | F36: 240 | G36: 01 | H36: 04 | I36: 919 | J36: =SUM('Приложение 3'!I14) -> 0.8 | K36: =SUM('Приложение 3'!J14) -> 0.9 | L36: =SUM('Приложение 3'!K14) -> 0.9
A37: Прочие мероприятия по благоустройству | B37: 89 | C37: 1 | D37: 00 | E37: 43040 | J37: =SUM(J38) -> 342.3 | K37: =SUM(K38) -> 356 | L37: =SUM(L38) -> 370.3
A38: Закупка товаров, работ и услуг для обеспечения государственных (муниципальных) нужд | B38: 22 | C38: 2 | D38: 04 | E38: L5760 | F38: 200 | J38: =SUM(J39) -> 342.3 | K38: =SUM(K39) -> 356 | L38: =SUM(L39) -> 370.3
A39: Иные закупки товаров, работ и услуг для обеспечения государственных (муниципальных) нужд | B39: 22 | C39: 2 | D39: 04 | E39: L5760 | F39: 240 | J39: =SUM(J40) -> 342.3 | K39: =SUM(K40) -> 356 | L39: =SUM(L40) -> 370.3
A40: Жилищно - коммунальное хозяйство | B40: 22 | C40: 2 | D40: 04 | E40: L5760 | F40: 240 | G40: 05 | J40: =SUM(J41) -> 342.3 | K40: =SUM(K41) -> 356 | L40: =SUM(L41) -> 370.3
A41: Благоустройство | B41: 22 | C41: 2 | D41: 04 | E41: L5760 | F41: 240 | G41: 05 | H41: 03 | J41: =SUM(J42) -> 342.3 | K41: =SUM(K42) -> 356 | L41: =SUM(L42) -> 370.3
A42: Администрация Кученяевского сельского поселения Ардатовского муниципального района | B42: 22 | C42: 2 | D42: 04 | E42: L5760 | F42: 240 | G42: 05 | H42: 03 | I42: 919 | J42: ='Приложение 3'!I69 -> 342.3 | K42: =SUM('Приложение 3'!J64) -> 356 | L42: =SUM('Приложение 3'!K64) -> 370.3
A43: Прочие мероприятия по благоустройству | B43: 89 | C43: 1 | D43: 00 | E43: 43040 | J43: =SUM(J44) -> 0 | K43: 0 | L43: 0
A44: Закупка товаров, работ и услуг для обеспечения государственных (муниципальных) нужд | B44: 89 | C44: 1 | D44: 00 | E44: 43040 | F44: 200 | J44: =SUM(J45) -> 0 | K44: 0 | L44: 0
A45: Иные закупки товаров, работ и услуг для обеспечения государственных (муниципальных) нужд | B45: 89 | C45: 1 | D45: 00 | E45: 43040 | F45: 240 | J45: =SUM(J46) -> 0 | K45: 0 | L45: 0
A46: Жилищно - коммунальное хозяйство | B46: 89 | C46: 1 | D46: 00 | E46: 43040 | F46: 240 | G46: 05 | J46: =SUM(J47) -> 0 | K46: 0 | L46: 0
A47: Благоустройство | B47: 89 | C47: 1 | D47: 00 | E47: 43040 | F47: 240 | G47: 05 | H47: 03 | J47: =SUM(J48) -> 0 | K47: 0 | L47: 0
A48: Администрация Кученяевского сельского поселения Ардатовского муниципального района | B48: 89 | C48: 1 | D48: 00 | E48: 43040 | F48: 240 | G48: 05 | H48: 03 | I48: 919 | J48: ='Приложение 3'!I75 -> 0 | K48: 0 | L48: 0
A49: Прочие мероприятия по благоустройству | B49: 89 | C49: 1 | D49: 00 | E49: 78090 | J49: =SUM(J50) -> 0 | K49: =SUM(K50) -> 0 | L49: =SUM(L50) -> 0
A50: Закупка товаров, работ и услуг для обеспечения государственных (муниципальных) нужд | B50: 89 | C50: 1 | D50: 00 | E50: 78090 | F50: 200 | J50: =SUM(J51) -> 0 | K50: =SUM(K51) -> 0 | L50: =SUM(L51) -> 0
A51: Иные закупки товаров, работ и услуг для обеспечения государственных (муниципальных) нужд | B51: 89 | C51: 1 | D51: 00 | E51: 78090 | F51: 240 | J51: =SUM(J52) -> 0 | K51: =SUM(K52) -> 0 | L51: =SUM(L52) -> 0
A52: Жилищно - коммунальное хозяйство | B52: 89 | C52: 1 | D52: 00 | E52: 78090 | F52: 240 | G52: 05 | J52: =SUM(J53) -> 0 | K52: =SUM(K53) -> 0 | L52: =SUM(L53) -> 0
A53: Благоустройство | B53: 89 | C53: 1 | D53: 00 | E53: 78090 | F53: 240 | G53: 05 | H53: 03 | J53: =SUM(J54) -> 0 | K53: =SUM(K54) -> 0 | L53: =SUM(L54) -> 0
A54: Администрация Кученяевского сельского поселения Ардатовского муниципального района | B54: 89 | C54: 1 | D54: 00 | E54: 78090 | F54: 240 | G54: 05 | H54: 03 | I54: 919 | J54: ='Приложение 3'!I78 -> 0 | K54: =SUM('Приложение 3'!J76) -> 0 | L54: =SUM('Приложение 3'!K76) -> 0
A55: Обеспечение деятельности Администрации Кученяевского сельского поселения Ардатовского муниципального района Республики Мордовия | B55: 65 | J55: =J56+J69 -> 1214.05 | K55: =K56+K69 -> 1388.5 | L55: =L56+L69 -> 1579.4
A56: Глава Кученяевского сельского поселения | B56: 65 | C56: 1 | D56: 00 | J56: =J57+J63 -> 345.35 | K56: =K57+K63 -> 503.3 | L56: =L57+L63 -> 433.3
A57: Расходы на выплаты по оплате труда Главы Кученяевского сельского поселения Ардатовского муниципального района Республики Мордовия | B57: 65 | C57: 1 | D57: 00 | E57: 41150 | J57: =SUM(J58) -> 252.95 | K57: =SUM(K58) -> 373.3 | L57: =SUM(L58) -> 303.3
A58: Расходы на выплаты персоналу в целях обеспечения выполнения функций государственными (муниципальными) органами, казенными учреждениями, органами управления государственными внебюджетными фондами | B58: 65 | C58: 1 | D58: 00 | E58: 41150 | F58: 100 | J58: =SUM(J59) -> 252.95 | K58: =SUM(K59) -> 373.3 | L58: =SUM(L59) -> 303.3
A59: Расходы на выплаты персоналу государственных (муниципальных) органов | B59: 65 | C59: 1 | D59: 00 | E59: 41150 | F59: 120 | J59: =SUM(J60) -> 252.95 | K59: =SUM(K60) -> 373.3 | L59: =SUM(L60) -> 303.3
A60: Общегосударственные вопросы | B60: 65 | C60: 1 | D60: 00 | E60: 41150 | F60: 120 | G60: 01 | J60: =SUM(J61) -> 252.95 | K60: =SUM(K61) -> 373.3 | L60: =SUM(L61) -> 303.3
A61: Функционирование Правительства Российской Федерации, высших исполнительных органов государственной власти субъектов Российской Федерации, местных администраций | B61: 65 | C61: 1 | D61: 00 | E61: 41150 | F61: 120 | G61: 01 | H61: 02 | J61: =SUM(J62) -> 252.95 | K61: =SUM(K62) -> 373.3 | L61: =SUM(L62) -> 303.3
A62: Администрация Кученяевского сельского поселения Ардатовского муниципального района | B62: 65 | C62: 1 | D62: 00 | E62: 41150 | F62: 120 | G62: 01 | H62: 02 | I62: 919 | J62: =SUM('Приложение 3'!I19) -> 252.95 | K62: =SUM('Приложение 3'!J19) -> 373.3 | L62: =SUM('Приложение 3'!K19) -> 303.3
A63: Расходы на выплаты по оплате труда Главы Кученяевского сельского поселения Ардатовского муниципального района Республики Мордовия | B63: 65 | C63: 1 | D63: 00 | E63: 44205 | J63: =SUM(J64) -> 92.4 | K63: =SUM(K64) -> 130 | L63: 130
A64: Расходы на выплаты персоналу в целях обеспечения выполнения функций государственными (муниципальными) органами, казенными учреждениями, органами управления государственными внебюджетными фондами | B64: 65 | C64: 1 | D64: 00 | E64: 44205 | F64: 100 | J64: =SUM(J65) -> 92.4 | K64: =SUM(K65) -> 130 | L64: 130
A65: Расходы на выплаты персоналу государственных (муниципальных) органов | B65: 65 | C65: 1 | D65: 00 | E65: 44205 | F65: 120 | J65: =SUM(J66) -> 92.4 | K65: =SUM(K66) -> 130 | L65: 130
A66: Общегосударственные вопросы | B66: 65 | C66: 1 | D66: 00 | E66: 44205 | F66: 120 | G66: 01 | J66: =SUM(J67) -> 92.4 | K66: =SUM(K67) -> 130 | L66: 130
A67: Функционирование Правительства Российской Федерации, высших исполнительных органов государственной власти субъектов Российской Федерации, местных администраций | B67: 65 | C67: 1 | D67: 00 | E67: 44208 | F67: 120 | G67: 01 | H67: 02 | J67: =SUM(J68) -> 92.4 | K67: =SUM(K68) -> 130 | L67: 130
A68: Администрация Кученяевского сельского поселения Ардатовского муниципального района | B68: 65 | C68: 1 | D68: 00 | E68: 44205 | F68: 120 | G68: 01 | H68: 02 | I68: 919 | J68: ='Приложение 3'!I20 -> 92.4 | K68: 130 | L68: 130
A69: Деятельность администрации Кученяевского сельского поселения Ардатовского муниципального района Республики Мордовия | B69: 65 | C69: 2 | D69: 00 | J69: =J70+J76+J81+J86 -> 868.7 | K69: =K70+K76+K81+K86 -> 885.2 | L69: =L70+L76+L81+L86 -> 1146.1
A70: Расходы на выплаты по оплате труда работников органов местного самоуправления | B70: 65 | C70: 2 | D70: 00 | E70: 41110 | J70: =SUM(J71) -> 432.2 | K70: =SUM(K71) -> 459 | L70: =SUM(L71) -> 674.1
A71: Расходы на выплаты персоналу в целях обеспечения выполнения функций государственными (муниципальными) органами, казенными учреждениями, органами управления государственными внебюджетными фондами | B71: 65 | C71: 2 | D71: 00 | E71: 41110 | F71: 100 | J71: =SUM(J72) -> 432.2 | K71: =SUM(K72) -> 459 | L71: =SUM(L72) -> 674.1
A72: Расходы на выплаты персоналу государственных (муниципальных) органов | B72: 65 | C72: 2 | D72: 00 | E72: 41110 | F72: 120 | J72: =SUM(J73) -> 432.2 | K72: =SUM(K73) -> 459 | L72: =SUM(L73) -> 674.1
A73: Общегосударственные вопросы | B73: 65 | C73: 2 | D73: 00 | E73: 41110 | F73: 120 | G73: 01 | J73: =SUM(J74) -> 432.2 | K73: =SUM(K74) -> 459 | L73: =SUM(L74) -> 674.1
A74: Функционирование Правительства Российской Федерации, высших исполнительных органов государственной власти субъектов Российской Федерации, местных администраций | B74: 65 | C74: 2 | D74: 00 | E74: 41110 | F74: 120 | G74: 01 | H74: 04 | J74: =SUM(J75) -> 432.2 | K74: =SUM(K75) -> 459 | L74: =SUM(L75) -> 674.1
A75: Администрация Кученяевского сельского поселения Ардатовского муниципального района | B75: 65 | C75: 2 | D75: 00 | E75: 41110 | F75: 120 | G75: 01 | H75: 04 | I75: 919 | J75: =SUM('Приложение 3'!I26) -> 432.2 | K75: =SUM('Приложение 3'!J26) -> 459 | L75: =SUM('Приложение 3'!K26) -> 674.1
A76: Закупка товаров, работ и услуг для обеспечения государственных (муниципальных) нужд | B76: 65 | C76: 2 | D76: 00 | E76: 44205 | F76: 200 | J76: =SUM(J77) -> 235.1 | K76: =SUM(K77) -> 209.9 | L76: =SUM(L77) -> 209.9
A77: Иные закупки товаров, работ и услуг для обеспечения государственных (муниципальных) нужд | B77: 65 | C77: 2 | D77: 00 | E77: 44205 | F77: 240 | J77: =SUM(J78) -> 235.1 | K77: =SUM(K78) -> 209.9 | L77: =SUM(L78) -> 209.9
A78: Общегосударственные вопросы | B78: 65 | C78: 2 | D78: 00 | E78: 44205 | F78: 240 | G78: 01 | J78: =SUM(J79) -> 235.1 | K78: =SUM(K79) -> 209.9 | L78: =SUM(L79) -> 209.9
A79: Функционирование Правительства Российской Федерации, высших исполнительных органов государственной власти субъектов Российской Федерации, местных администраций | B79: 65 | C79: 2 | D79: 00 | E79: 44205 | F79: 240 | G79: 01 | H79: 04 | J79: =SUM(J80) -> 235.1 | K79: =SUM(K80) -> 209.9 | L79: =SUM(L80) -> 209.9
A80: Администрация Кученяевского сельского поселения Ардатовского муниципального района | B80: 65 | C80: 2 | D80: 00 | E80: 44205 | F80: 240 | G80: 01 | H80: 04 | I80: 919 | J80: ='Приложение 3'!I29 -> 235.1 | K80: ='Приложение 3'!J29 -> 209.9 | L80: ='Приложение 3'!K29 -> 209.9
A81: Закупка товаров, работ и услуг для обеспечения государственных (муниципальных) нужд | B81: 65 | C81: 2 | D81: 00 | E81: 41120 | F81: 200 | J81: =SUM(J82) -> 195.4 | K81: =SUM(K82) -> 210.3 | L81: =SUM(L82) -> 256.1
A82: Иные закупки товаров, работ и услуг для обеспечения государственных (муниципальных) нужд | B82: 65 | C82: 2 | D82: 00 | E82: 41120 | F82: 240 | J82: =SUM(J83) -> 195.4 | K82: =SUM(K83) -> 210.3 | L82: =SUM(L83) -> 256.1
A83: Общегосударственные вопросы | B83: 65 | C83: 2 | D83: 00 | E83: 41120 | F83: 240 | G83: 01 | J83: =SUM(J84) -> 195.4 | K83: =SUM(K84) -> 210.3 | L83: =SUM(L84) -> 256.1
A84: Функционирование Правительства Российской Федерации, высших исполнительных органов государственной власти субъектов Российской Федерации, местных администраций | B84: 65 | C84: 2 | D84: 00 | E84: 41120 | F84: 240 | G84: 01 | H84: 04 | J84: =SUM(J85) -> 195.4 | K84: =SUM(K85) -> 210.3 | L84: =SUM(L85) -> 256.1
A85: Администрация Кученяевского сельского поселения Ардатовского муниципального района | B85: 65 | C85: 2 | D85: 00 | E85: 41120 | F85: 240 | G85: 01 | H85: 04 | I85: 919 | J85: ='Приложение 3'!I31 -> 195.4 | K85: ='Приложение 3'!J31 -> 210.3 | L85: ='Приложение 3'!K31 -> 256.1
A86: Иные бюджетные ассигнования | B86: 65 | C86: 2 | D86: 00 | E86: 41120 | F86: 800 | J86: =SUM(J87) -> 6 | K86: =SUM(K87) -> 6 | L86: =SUM(L87) -> 6
A87: Уплата налогов, сборов и иных платежей | B87: 65 | C87: 2 | D87: 00 | E87: 41120 | F87: 850 | J87: =SUM(J88) -> 6 | K87: =SUM(K88) -> 6 | L87: =SUM(L88) -> 6
A88: Общегосударственные вопросы | B88: 65 | C88: 2 | D88: 00 | E88: 41120 | F88: 850 | G88: 01 | J88: =SUM(J89) -> 6 | K88: =SUM(K89) -> 6 | L88: =SUM(L89) -> 6
A89: Функционирование Правительства Российской Федерации, высших исполнительных органов государственной власти субъектов Российской Федерации, местных администраций | B89: 65 | C89: 2 | D89: 00 | E89: 41120 | F89: 850 | G89: 01 | H89: 04 | J89: =SUM(J90) -> 6 | K89: =SUM(K90) -> 6 | L89: =SUM(L90) -> 6
A90: Администрация Кученяевского сельского поселения Ардатовского муниципального района | B90: 65 | C90: 2 | D90: 00 | E90: 41120 | F90: 850 | G90: 01 | H90: 04 | I90: 919 | J90: =SUM('Приложение 3'!I33) -> 6 | K90: =SUM('Приложение 3'!J33) -> 6 | L90: =SUM('Приложение 3'!K33) -> 6
A91: Непрограммные расходы главных распорядителей средств местного бюджет | B91: 89 | J91: =SUM(J92) -> 276.6 | K91: =SUM(K92) -> 276.6 | L91: =SUM(L92) -> 276.6
A92: Непрограммные расходы в рамках обеспечения деятельности главных распорядителей средств местного бюджета | B92: 89 | C92: 1 | D92: 00 | J92: =J93 -> 276.6 | K92: =K93 -> 276.6 | L92: =L93 -> 276.6
A93: Доплаты к пенсиям муниципальных служащих Республики Мордовия | B93: 89 | C93: 1 | D93: 00 | E93: 03010 | J93: =SUM(J94) -> 276.6 | K93: =SUM(K94) -> 276.6 | L93: =SUM(L94) -> 276.6
A94: Социальное обеспечение и иные выплаты населению | B94: 89 | C94: 1 | D94: 00 | E94: 03010 | F94: 300 | J94: =SUM(J95) -> 276.6 | K94: =SUM(K95) -> 276.6 | L94: =SUM(L95) -> 276.6
A95: Публичные нормативные социальные выплаты гражданам | B95: 89 | C95: 1 | D95: 00 | E95: 03010 | F95: 310 | J95: =SUM(J96) -> 276.6 | K95: =SUM(K96) -> 276.6 | L95: =SUM(L96) -> 276.6
A96: Социальная политика | B96: 89 | C96: 1 | D96: 00 | E96: 03010 | F96: 310 | G96: 10 | J96: =SUM(J97) -> 276.6 | K96: =SUM(K97) -> 276.6 | L96: =SUM(L97) -> 276.6
A97: Пенсионное обеспечение | B97: 89 | C97: 1 | D97: 00 | E97: 03010 | F97: 310 | G97: 10 | H97: 01 | J97: =SUM(J98) -> 276.6 | K97: =SUM(K98) -> 276.6 | L97: =SUM(L98) -> 276.6
A98: Администрация Кученяевского сельского поселения Ардатовского муниципального района | B98: 89 | C98: 1 | D98: 00 | E98: 03010 | F98: 310 | G98: 10 | H98: 01 | I98: 919 | J98: =SUM('Приложение 3'!I85) -> 276.6 | K98: =SUM('Приложение 3'!J85) -> 276.6 | L98: =SUM('Приложение 3'!K85) -> 276.6
A99: Резервный фонд администрации Кученяевского сельского поселения Ардатовского муниципального района Республики Мордовия | B99: 89 | C99: 1 | D99: 00 | E99: 41180 | J99: =SUM(J100) -> 0.1 | K99: =SUM(K100) -> 0.1 | L99: =SUM(L100) -> 0.1
A100: Иные бюджетные ассигнования | B100: 89 | C100: 1 | D100: 00 | E100: 41180 | F100: 800 | J100: =SUM(J101) -> 0.1 | K100: =SUM(K101) -> 0.1 | L100: =SUM(L101) -> 0.1
...

Sheet Приложение 5
C1: Приложение5 к решению Совета депутатов Кученяевского сельского поселения Ардатовского муниципального района Республики Мордовия «О бюджете Кученяевского сельского поселения Ардатовского муниципального района Республики Мордовия на 2026 год и на плановый период 2027 и 2028 годов» от г. №
A7: ИСТОЧНИКИ ВНУТРЕННЕГО ФИНАНСИРОВАНИЯ ДЕФИЦИТА БЮДЖЕТА КУЧЕНЯЕВСКОГО СЕЛЬСКОГО ПОСЕЛЕНИЯ АРДАТОВСКОГО МУНИЦИПАЛЬНОГО РАЙОНА РЕСПУБЛИКИ МОРДОВИЯ НА 2026 ГОД И НА ПЛАНОВЫЙ ПЕРИОД 2027 и 2028 ГОДОВ
A9: Код | B9: Наименование кода группы, подгруппы, статьи, вида источника финансирования дефицитов бюджетов, кода классификации операций сектора государственного управления, относящихся к источникам финансирования дефицитов бюджетов Российской Федерации | C9: Сумма (тыс. руб.)
C10: 2026год | D10: 2027 год | E10: 2028 год
A11: 1 | B11: 2 | C11: 3 | D11: 4 | E11: 5
A12: 000 01 00 00 00 00 0000 000 | B12: ИСТОЧНИКИ ВНУТРЕННЕГО ФИНАНСИРОВАНИЯ ДЕФИЦИТОВ БЮДЖЕТОВ
A13: 000 01 02 00 00 00 0000 000 | B13: Кредиты кредитных организаций в валюте Российской Федерации
A14: 000 01 02 00 00 00 0000 700 | B14: Привлечение кредитов от кредитных организаций в валюте Российской Федерации
A15: 000 01 02 00 00 13 0000 710 | B15: Привлечение сельскими поселениями кредитов от кредитных организаций в валюте Российской Федерации
A16: 000 01 03 00 00 00 0000 000 | B16: Бюджетные кредиты из других бюджетов бюджетной системы Российской Федерации | C16: =C17 -> 109.3 | D16: =D17 -> 136.6 | E16: =E17 -> 170.7
A17: 000 01 03 01 00 00 0000 800 | B17: Погашение бюджетных кредитов, полученных из других бюджетов бюджетной системы Российской Федерации в валюте Российской Федерации | C17: 109.3 | D17: ='Приложение 4'!K117 -> 136.6 | E17: ='Приложение 4'!L117 -> 170.7
A18: 000 01 03 01 00 13 0000 810 | B18: Погашение бюджетами сельских поселений кредитов из других бюджетов бюджетной системы Российской Федерации в валюте Российской Федерации | C18: =C17 -> 109.3 | D18: =D17 -> 136.6 | E18: =E17 -> 170.7
A19: 000 01 05 00 00 00 0000 000 | B19: Изменение остатков средств на счетах по учету средств бюджета
A20: 000 01 05 00 00 00 0000 500 | B20: Увеличение остатков средств бюджетов | C20: =C21 -> -2615.85 | D20: =D21 -> -2854.9 | E20: =E21 -> -3125.2
A21: 000 01 05 02 00 00 0000 500 | B21: Увеличение прочих остатков средств бюджетов | C21: =C22 -> -2615.85 | D21: =D22 -> -2854.9 | E21: =E22 -> -3125.2
A22: 000 01 05 02 01 00 0000 510 | B22: Увеличение прочих остатков денежных средств бюджетов | C22: =C23 -> -2615.85 | D22: =D23 -> -2854.9 | E22: =E23 -> -3125.2
A23: 000 01 05 02 01 13 0000 510 | B23: Увеличение прочих остатков денежных средств бюджетов городских поселений | C23: =-(C24+C28) -> -2615.85 | D23: =-(D24+D28) -> -2854.9 | E23: =-(E24+E28) -> -3125.2
A24: 000 01 05 00 00 00 0000 600 | B24: Уменьшение остатков средств бюджетов | C24: =C25 -> 2506.55 | D24: =D25 -> 2718.3 | E24: =E25 -> 2954.5
A25: 000 01 05 02 00 00 0000 600 | B25: Уменьшение прочих остатков средств бюджетов | C25: =C26 -> 2506.55 | D25: =D26 -> 2718.3 | E25: =E26 -> 2954.5
A26: 000 01 05 02 01 00 0000 610 | B26: Уменьшение прочих остатков денежных средств бюджетов | C26: =C27 -> 2506.55 | D26: =D27 -> 2718.3 | E26: =E27 -> 2954.5
A27: 000 01 05 02 01 13 0000 610 | B27: Уменьшение прочих остатков денежных средств бюджетов городских поселений | C27: ='Приложение 4'!J7 -> 2506.55 | D27: ='Приложение 4'!K7 -> 2718.3 | E27: ='Приложение 4'!L7 -> 2954.5
A28: 000 01 06 05 00 00 0000 000 | B28: Итого источников внутреннего финансирования дефицита бюджета городского поселения | C28: =SUM(C29:C30) -> 109.3 | D28: =SUM(D29:D30) -> 136.6 | E28: =E30 -> 170.7
A29: 000 01 00 00 00 00 0000 000 | B29: Привлечение средств | C29: =C13 -> 0 | D29: =D13 -> 0 | E29: 0
B30: Погашение основной суммы задолженности | C30: =C17 -> 109.3 | D30: =D17 -> 136.6 | E30: =E17 -> 170.7

Sheet Приложение6
F1: Приложение 6 к решению Совета депутатов Кученяевского сельского поселения Ардатовского муниципального района Республики Мордовия «О бюджете Кученяевского сельского поселения Ардатовского муниципального района Республики Мордовия на 2026 год и на плановый период 2027 и 2028 годов» от г. №
A8: ПРОГРАММА МУНИЦИПАЛЬНЫХ ВНУТРЕННИХ ЗАИМСТВОВАНИЙ КУЧЕНЯЕВСКОГО СЕЛЬСКОГО ПОСЕЛЕНИЯ АРДАТОВСКОГО МУНИЦИПАЛЬНОГО РАЙОНА РЕСПУБЛИКИ МОРДОВИЯ НА 2026 ГОД И НА ПЛАНОВЫЙ ПЕРИОД 2027 И 2028 ГОДОВ
A10: № п/п | B10: Виды заимствований | F10: Сумма (тыс. рублей)
F11: 2026год | G11: 2027год | I11: 2028 год
A12: I | B12: Привлечение средств для финансирования дефицита бюджета и погашения долговых обязательств
A13: 1 | B13: Получение кредитов от российских кредитных организаций
A14: 2 | B14: Получение бюджетных кредитов из других бюджетов бюджетной системы Российской Федерации
B15: ИТОГО
A16: II | B16: Направления расходования привлеченных средств | F16: =F12 -> 0 | G16: =G12 -> 0 | I16: =I12 -> 0
A17: 1 | B17: Погашение бюджетных кредитов | F17: =-'Приложение 5'!C30 -> -109.3 | G17: =-'Приложение 5'!D30 -> -136.6 | I17: =-'Приложение 5'!E30 -> -170.7
B18: в том числе:
A19: 1.1 | B19: Погашение бюджетного кредита,предоставленного из районного бюджета | F19: =F17 -> -109.3 | G19: =G17 -> -136.6 | I19: =I17 -> -170.7
A20: 2 | B20: Погашение прочих заимствований
A21: 3 | B21: Финансирование дефицита бюджета | F21: =F16-F17 -> 109.3 | G21: =G16-G17 -> 136.6 | I21: =I16-I17 -> 170.7
B22: ВСЕГО | F22: =F12 -> 0 | G22: =G12 -> 0 | I22: =I12 -> 0
